 Dungeon Crawl Stone Soup version 0.30.0-10-gfe55d96785 (webtiles) character file.

Game seed: 11100410723130129043

242 sampeng1 the Ruffian (level 5, -1/66 HPs)
             Began as a Draconian Transmuter on May 16, 2023.
             Slain by a bullfrog (3 damage)
             ... on level 4 of the Dungeon.
             The game lasted 00:09:19 (3391 turns).

sampeng1 the Ruffian (Draconian Transmuter)         Turns: 3391, Time: 00:09:20

Health: -1/66      AC:  5    Str: 14    XL:     5   Next: 82%
Magic:  9/9        EV:  9    Int: 14    God:
Gold:   198        SH:  0    Dex: 11    Spells: 5/10 levels left

rFire   . .          .
                       - Unarmed
rCold   . . .        (no shield)
rNeg    . . .        (body armour unavailable)
rPois   .            (helmet currently unavailable)
rElec   .            (no cloak)
rCorr   .            (no gloves)
SInv    .            (boots currently unavailable)
Will    .....        (no amulet) Stlth
                     (no ring)
HPRegen 0.31/turn    (no ring)
MPRegen 0.11/turn

%: no passive effects
@: berserking, appendages (expiring), constricted, very quick
A: horns 2, talons 2, AC +5, unfitting armour, cold-blooded
a: End Transformation


You were on level 4 of the Dungeon.
You had temporarily grown beastly horns and talons.
You visited 1 branch of the dungeon, and saw 4 of its levels.

You collected 198 gold pieces.

Inventory:

Missiles
 h - 2 curare-tipped darts
 j - 5 atropa-tipped darts
 k - 8 poisoned darts
Jewellery
 i - an amulet of faith
Potions
 a - a potion of lignification
 b - a potion of berserk rage
 c - a potion of haste {unknown}
 d - 2 potions of brilliance {unknown}
 f - a potion of ambrosia {unknown}
 g - a potion of invisibility {unknown}
 p - a potion of heal wounds {unknown}


   Skills:
 + Level 2.9 Fighting
 + Level 3.0 Dodging
 + Level 3.9 Unarmed Combat
 + Level 3.0 Spellcasting
 + Level 3.2 Transmutations


You had 5 spell levels left.
You knew the following spells:

 Your Spells              Type           Power      Damage    Failure   Level
a - Beastly Appendage     Tmut           22%        N/A       6%          1
b - Wereblood             Tmut           11%        N/A       9%          2
c - Passwall              Tmut/Erth      5%         N/A       17%         2

Your spell library contained the following spells:

 Spells                   Type           Power      Damage    Failure   Level
 Magic Dart               Conj           8%         1d3       22%         1
 Ensorcelled Hibernation  Hex/Ice        4%         N/A       32%         2
 Searing Ray              Conj           4%         2d4       32%         2
 Spider Form              Tmut/Pois      6%         N/A       32%         3
 Swiftness                Air            2%         N/A       54%         3
 Ice Form                 Ice/Tmut       6%         N/A       73%         4
 Fulminant Prism          Conj/Hex       1%         3d5       91%         4


Dungeon Overview and Level Annotations

Branches:
Dungeon (4/15)
 Temple: D:4-7

Altars:

Annotations:
D:4 1 runed translucent door, Sigmund


Innate Abilities, Weirdness & Mutations

You have temporarily grown beastly horns and talons.
Your plain brown scales are hard. (AC +5)
You cannot fit into any form of body armour.
You are cold-blooded and may be slowed by cold attacks.


Message History

The orc wizard hits you with a +4 dagger.
The orc closely misses you. The orc barely misses you.
You barely miss the orc wizard. Your kick misses the orc wizard.
You tail-slap the orc wizard.
You kill the orc wizard!
The bullfrog closely misses you. The orc closely misses you.
The orc hits you with a +0 whip. The orc hits you but does no damage.
A phantom comes into view.
The orc closely misses you.
Your Dodging skill increases to level 3!
You hit the orc. Your kick misses the orc. You headbutt the orc.
You kill the orc!
The bullfrog hits you!
* * * LOW HITPOINT WARNING * * *
The ball python bites you but does no damage.
The ball python closely misses you.
You punch the orc!
You kill the orc!
The bullfrog closely misses you.
The orc hits you from afar with a +0 trident!
* * * LOW HITPOINT WARNING * * *
Sigmund misses you. The orc hits you with a +0 short sword.
* * * LOW HITPOINT WARNING * * *
The ball python bites you but does no damage.
The ball python misses you.
You punch the ball python!
You kill the ball python!
The bullfrog closely misses you. The ball python barely misses you.
The ball python grabs you. The ball python constricts you.
An adder comes into view.
The orc hits you but does no damage.
The orc hits you from afar with a +0 trident!
* * * LOW HITPOINT WARNING * * *
The orc barely misses you.
You barely miss the orc.
The adder hisses angrily.
You claw the orc!
You kill the orc!
The bullfrog hits you.
You die...

.S##. #..#. #....
.# ... #
#....######.. ...
..#....#...........
..W..o.@.....#.....
......)So.# .#.....
......o@..# ...$...
.......F..##..#....
.....$.............
..........)....###.
.................#
...###...#.......#
.....###.#.......#
+# .. #....#.####
#.##...##.##


You could see a phantom, Sigmund, a bullfrog, an adder, 3 orcs and a ball
python.

Vanquished Creatures
  Jessica (D:2)
  An iguana (D:3)
  Natasha (D:2)
  An orc wizard (D:4)
  7 adders
  A worm (D:3)
  3 dart slugs
  6 orcs
  6 bats
  4 endoplasms
  4 goblins
  7 hobgoblins
  5 jackals (D:3)
  A quokka (D:1)
  5 ball pythons
  4 frilled lizards
  4 kobolds
  7 rats
68 creatures vanquished.

Notes
Turn   | Place    | Note
-------+----------+-------------------------------------------
     0 | D:1      | sampeng1 the Draconian Transmuter began the quest for the
                  | Orb.
     0 | D:1      | Reached XP level 1. HP: 16/16 MP: 3/3
   227 | D:1      | Reached XP level 2. HP: 22/23 MP: 5/5
   950 | D:2      | Noticed Natasha
   964 | D:2      | Killed Natasha
   965 | D:2      | Reached XP level 3. HP: 7/29 MP: 4/6
  1171 | D:2      | Reached XP level 4. HP: 35/36 MP: 7/7
  1182 | D:2      | Noticed Jessica
  1190 | D:2      | Killed Jessica
  1197 | D:2      | HP: 1/36 [poisoned by Jessica]
  1787 | D:2      | Noticed a floating eye
  1788 | D:2      | Found a faded altar of an unknown god.
  1789 | D:2      | Noticed a floating eye
  1789 | D:2      | Noticed a shining eye
  1789 | D:2      | Noticed a floating eye
  1792 | D:2      | Reached XP level 5. HP: 42/42 MP: 9/9
  3140 | D:3      | Identified a scroll of acquirement
  3140 | D:3      | Acquired a book of Conjurations
  3146 | D:3      | Learned a level 2 spell: Wereblood
  3149 | D:3      | Learned a level 2 spell: Passwall
  3381 | D:4      | Found a runed translucent gate.
  3381 | D:4      | Noticed Sigmund
  3387 | D:4      | Noticed a phantom
  3390 | D:4      | HP: 2/66 [orc/+0 trident (7)]
  3391 | D:4      | Slain by a bullfrog

Illustrated notes

Levels and vault maps discovered:
D:1:      dpeg_arrival_three_same_balls, layout_loops_ring, corner_web_ring
D:2:      layout_basic, hellmonk_ecumenical_altar_watching_god, uniq_natasha,
          uniq_jessica
D:3:      layout_rooms, wander_ebering_terrifying_dragon_lair
D:4:      layout_rooms, makhleb_altar_promises_db, ebering_ghost_rock_garden,
          uniq_sigmund

Skill      XL: |  1  2  3  4  5 |
---------------+----------------+-----
Dodging        | 2 3 |  3.0
Fighting       | 2 |  2.9
Transmutations | 3 |  3.2
Spellcasting   | 3 |  3.0
Unarmed Combat | |  3.9

Action                     |  1- 3 |  4- 6 || total
---------------------------+-------+-------++-------
  Melee: Unarmed           |    80 |   157 ||   237
         Kick              |     4 |     5 ||     9
         Tailslap          |    10 |    20 ||    30
         Headbutt          |     3 |    11 ||    14
         Punch             |       |     3 ||     3
   Cast: Beastly Appendage |     4 |     5 ||     9
    Use: Scroll            |     2 |     5 ||     7
         Potion            |       |     1 ||     1
   Stab: Sleeping          |     2 |       ||     2
 Armour: Skin              |    30 |    42 ||    72
  Dodge: Dodged            |    80 |   115 ||   195
